 Dungeon Crawl Stone Soup version 0.31-a0-1008-g5b978dac0e (webtiles) character file.

Game seed: 6700429658360512073

1 Jannitor the Sneak (level 1, -1/18 HPs)
             Began as a Demigod Delver on Nov 12, 2023.
             Slain by an orc
             ... wielding a +0 flail
              (5 damage)
             ... on level 4 of the Dungeon.
             The game lasted 00:01:09 (240 turns).

Jannitor the Sneak (Demigod Delver)                  Turns: 240, Time: 00:01:09

Health: -1/18      AC:  7    Str: 13    XL:     1   Next: 13%
Magic:  3/3        EV:  9    Int: 12    God:
Gold:   0          SH:  0    Dex: 15    Spells: 0/0 levels left

rFire   . . .        a - +0 mace
rCold   . . .        (no shield)
rNeg    . . .        e - +0 scale mail
rPois   .            (no helmet)
rElec   .            (no cloak)
rCorr   .            i - +0 pair of gloves
SInv    .            (no boots)
Will    .....        (no amulet)
Stlth   +            (no ring)
HPRegen 0.23/turn    (no ring)
MPRegen 0.08/turn

%: no passive effects
@: no status effects
A: high MP 1, forlorn, divine attributes
a: no special abilities


You were on level 4 of the Dungeon.
You visited 2 branches of the dungeon, and saw 3 of its levels.

Inventory:

Hand Weapons
 a - a +0 mace (weapon)
Armour
 b - a +0 leather armour
 e - a +0 scale mail (worn)
 i - a +0 pair of gloves (worn)
 j - a +0 plate armour
Wands
 g - a wand of digging (3)
Scrolls
 c - a scroll of fog
 d - a scroll of revelation
Potions
 f - a potion of haste
 h - a potion of ambrosia {unknown}


   Skills:
 + Level 2.7 Fighting
 + Level 1.8 Maces & Flails
 + Level 1.8 Dodging
 + Level 4.5 Stealth


You couldn't memorise any spells.
You didn't know any spells.
Your spell library was empty.

Dungeon Overview and Level Annotations

Branches:
Dungeon (5/15)             Temple (1/1) D:5

Shops:
D:5 !

Annotations:
D:5 exclusion: scorpion


Innate Abilities, Weirdness & Mutations

You have an increased reservoir of magic. (+10% MP)
You shall have no god before yourself.
Your divine heritage dramatically boosts your attributes as you level up.


Message History

Found a scroll labelled IFUTETZ DOCALL.
An orc comes into view. It is wielding a +0 dagger.
The orc shouts!
You hear a shout!
An orc priest comes into view.
It is wielding a +0 short sword and wearing a +2 leather armour of cold resistance.
There is a stone staircase leading down here.
There is a stone staircase leading up here.
You climb upwards.
The orc closely misses you.
There is a stone staircase leading down here.
Unknown command.
The orc hits you with a +0 flail. The orc attacks as it pursues you!
The orc hits you with a +0 flail!
* * * LOW HITPOINT WARNING * * *
Okay, then.
Unknown command.
You see here a +0 plate armour.
j - a +0 plate armour
As you read the scroll of fear, it crumbles to dust.
You assume a fearsome visage.
The orc looks frightened! x2
The scorpion looks frightened!
You open the door.
There is an open door here.
Found a scale mail.
You close the door.
You see here a +0 scale mail.
e - a +0 scale mail You start removing your armour.
You continue taking off your +0 leather armour. x4
You finish taking off your +0 leather armour.
You start putting on your armour.
You continue putting on your +0 scale mail. x5
You finish putting on your +0 scale mail.
Unknown command.
An orc is nearby!
The orc hits you with a +0 flail!
You are too injured to fight recklessly!
You are too injured to fight recklessly!
You closely miss the orc. The orc hits you with a +0 flail.
* * * LOW HITPOINT WARNING * * *
You barely miss the orc. The orc hits you with a +0 flail.
You die...

#.# . . #.#
.#. #.# ...
#.# #.# #o#
#.# #.# #.#
#.# #.#
#.###.##
#..#@..#
##.o.#......
###...#####
##.## ##


You could see an orc.

Vanquished Creatures
  An endoplasm (D:4)
1 creature vanquished.

Notes
Turn   | Place    | Note
-------+----------+-------------------------------------------
     0 | D:5      | Jannitor the Demigod Delver began the quest for the Orb.
     0 | D:5      | Reached XP level 1. HP: 18/18 MP: 3/3
     6 | D:5      | Found Xygav's Distillery.
    30 | D:5      | Found a staircase to the Ecumenical Temple.
    45 | Temple   | Entered the Ecumenical Temple
   108 | D:4      | Noticed a scorpion
   127 | D:5      | Noticed a scorpion
   159 | D:5      | Noticed an orc priest
   240 | D:4      | Slain by an orc

Illustrated notes

Levels and vault maps discovered:
D:4:      layout_basic, hellmonk_ghost_happy_afterlife, chequers_jeans,
          minmay_misc_feat_tower
D:5:      layout_rooms, minmay_temple_entry_junction_2, serial_shops, shop,
          serial_bayou_pond_c
Temple:   kb_temple_of_zot

Action                     || total
---------------------------++-------
  Melee: Mace              ||     7
    Use: Scroll            ||     1
   Stab: Sleeping          ||     1
 Armour: Leather armour    ||     4
         Scale mail        ||     3
  Dodge: Dodged            ||     2

Table legend: (Time is in decaauts)
 A = Elapsed time spent in this place.
 B = Non-inter-level travel time spent in this place.
 C = Inter-level travel time spent in this place.
 D = Time resting spent in this place.
 E = Time spent auto-exploring this place.
 F = Levels seen in this place.
 G = Mean time per level.
                   A        B        C        D        E       F      G
               +--------+--------+--------+--------+--------+-----+--------+
         Total |    243 |    243 |      0 |      9 |     42 |   3 |   81.0 |
       Dungeon |    198 |    198 |      0 |      9 |     42 |   2 |   99.0 |
        Temple |     44 |     44 |      0 |      0 |      0 |   1 |   44.0 |
               +--------+--------+--------+--------+--------+-----+--------+

Top non-repeatable levels by time:
     D:5: 131 daAuts
     D:4: 67 daAuts
  Temple: 44 daAuts
